 Dungeon Crawl Stone Soup version 0.29-a0-393-g47a863cc1b (webtiles) character file.

Game seed: 14120411189140762407

2086 Lekart the Skirmisher (level 9, -2/79 HPs)
             Began as a Yellow Draconian Chaos Knight on May 9, 2022.
             Was a Plaything of Xom.
             Slain by a yak (8 damage)
             ... on level 6 of the Dungeon.
             The game lasted 00:14:09 (6023 turns).

Lekart the Skirmisher (DrCK)                        Turns: 6023, Time: 00:14:10

Health: -2/79      AC: 14    Str: 14    XL:     9   Next: 6%
Magic:  24/24      EV: 13    Int: 12    God:    Xom [..*...]
Gold:   1224       SH:  4    Dex: 14    Spells: 12/16 levels left

rFire   . . .      SeeInvis .   a - +0 falchion (chaos)
rCold   . . .      Faith    .   (no shield)
rNeg    . . .      Spirit   .   (body armour unavailable)
rPois   .          Reflect  .   (helmet restricted)
rElec   .          Harm     .   d - +1 cloak
rCorr   +          Rampage  .   p - +2 pair of gloves
Will    .....                   c - +1 pair of boots
Stlth   ++........              (no amulet)
HPRegen 0.23/turn               h - ring of magical power
MPRegen 0.19/turn               (no ring)

@: wereblooded (expiring), hasted, very quick
A: spit acid, AC +7, unfitting armour, cold-blooded, acid resistance, large bone
plates 1, weak 1
a: Breathe Acid, Renounce Religion


You were on level 6 of the Dungeon.
You worshipped Xom.
You were a toy of Xom.
You visited 1 branch of the dungeon, and saw 6 of its levels.

You collected 1224 gold pieces.

Inventory:

Hand Weapons
 a - a +0 falchion of chaos (weapon)
Missiles
 g - 11 javelins
Armour
 c - a +1 pair of boots (worn)
 d - a +1 cloak (worn)
 p - a +2 pair of gloves (worn)
Jewellery
 h - a ring of magical power (left hand)
 i - a ring of flight
 o - a ring of protection from fire
Wands
 n - a wand of paralysis (4)
Scrolls
 e - 2 scrolls of identify
 k - a scroll of fog
Potions
 j - 2 potions of attraction
 l - a potion of brilliance
Miscellaneous
 b - a piece from Xom's chessboard (3/15) (quivered)


   Skills:
 * Level 7.1 Fighting
 + Level 7.0 Long Blades
 + Level 4.4 Dodging
 + Level 2.7 Stealth
 + Level 1.4 Shields
 * Level 4.2 Spellcasting
 + Level 1.7 Transmutations
 + Level 2.6 Evocations


You had 12 spell levels left.
You knew the following spells:

 Your Spells              Type           Power      Damage    Failure   Level
a - Wereblood             Tmut           6%         N/A       16%         2
b - Passwall              Tmut/Erth      3%         N/A       24%         2

Your spell library contained the following spells:

 Spells                   Type           Power      Damage    Failure   Level
 Magic Dart               Conj           8%         1d3       22%         1
 Corpse Rot               Necr/Air       4%         N/A       32%         2
 Ensorcelled Hibernation  Hex/Ice        4%         N/A       32%         2
 Poisonous Vapours        Pois/Air       4%         N/A       32%         2
 Searing Ray              Conj           4%         2d4       32%         2
 Static Discharge         Conj/Air       2%         N/A       32%         2
 Sublimation of Blood     Necr           2%         N/A       32%         2
 Summon Guardian Golem    Hex/Summ       2%         N/A       54%         3
 Swiftness                Air            2%         N/A       54%         3
 Dispel Undead            Necr           2%         3d7       91%         4
 Fulminant Prism          Conj/Hex       1%         3d6       91%         4
 Sticky Flame             Conj/Fire      2%         2d3       91%         4
 Orb of Destruction       Conj           1%         9d5       100%        7
 Spellforged Servitor     Conj/Summ      1%         N/A       100%        7
 Summon Hydra             Summ           1%         N/A       100%        7


Dungeon Overview and Level Annotations

Branches:
Dungeon (6/15)             Temple (0/1) D:4

Altars:
Ashenzari
Hepliaklqana
Qazlal
Zin

Shops:
D:1 ?   D:6 :

Annotations:
D:3 1 runed translucent door, Crazy Yiuf


Innate Abilities, Weirdness & Mutations

You can spit globs of acid.
Your golden yellow scales are hard. (AC +7)
You cannot fit into any form of body armour.
You are cold-blooded and may be slowed by cold attacks.
You are resistant to acid. (rCorr)
You are partially covered in large bone plates. (SH +4)
You are weak. (Str -2)


Message History

The yak is severely wounded.
You howl as the wereblood boils in your veins!
The yak gores you but does no damage. The yak gores you!
You hit the yak but do no damage.
The yak is severely wounded.
You block the yak's attack.
The shadow imp hits you but does no damage.
The yak barely misses you.
You hit the yak.
The yak evaporates and reforms as an orc!
Your tail-slap misses the orc.
The orc is almost dead.
The shadow imp hits you but does no damage.
The yak closely misses you.
You completely miss the yak. The shadow imp gestures at you.
Pain shoots through your body! The yak barely misses you.
The yak attacks as you move away! The yak gores you but does no damage.
Your primal bloodlust is almost over.
The shadow imp misses you.
You hit the shadow imp but do no damage.
The shadow imp resists with some effort.
The shadow imp misses you. The yak barely misses you. The yak gores you!
You hit the shadow imp. You burn the shadow imp.
The shadow imp is almost dead.
You howl as the wereblood boils in your veins!
The yak closely misses you. The shadow imp gestures at you.
Pain shoots through your body! The yak misses you.
You completely miss the shadow imp.
The shadow imp is almost dead.
You hit the shadow imp.
You feel a bit better.
You kill the shadow imp!
The yak gores you!
* * * LOW HITPOINT WARNING * * *
The yak gores you!
* * * LOW HITPOINT WARNING * * *
You feel yourself speed up. The yak barely misses you. The yak gores you!
You die...
Xom howls with laughter!

####.### #.# #.# #..#
#.# #.# ##.## #.#
######## #.# #..# #.#
#......# ####.# #.8#
#.# #......# #....#
#..# #)# #......#
#.#### ##<##
#.######......# #.#
#### #..#
#...[.........# #.#
...#
#∩.###.....@...#####
#.# ...#
#...##....YoY..# #.#
...###8#.##.....†...#
#.#
..........#.........#
#.#
...#####..#.##.##.###
#.# ...#
#..#....##.### #.#
#### ##.#.####....#
#####.# #######...#
#....# #.....#
#.........####....#
#.#####


You could see 2 yaks and an orc.

Vanquished Creatures
  A troll (D:6)
  Sigmund (D:2)
  A wyvern (D:6)
  A yak (D:6)
  A steam dragon (D:6)
  An ice beast (D:5)
  2 ogres
  A phantom (D:5)
  A necrophage (D:3)
  A gnoll sergeant (D:4)
  A scorpion (D:5)
  A killer bee (D:6)
  2 orc priests (D:5)
  3 iguanas
  Ijyb (D:4)
  3 adders
  5 gnolls
  A shadow imp (D:6)
  A white imp (D:6)
  An ufetubus (D:5)
  2 worms
  3 dart slugs
  2 orcs
  5 endoplasms
  4 giant cockroaches
  8 goblins
  2 hobgoblins
  5 jackals (D:3)
  9 kobolds
  7 quokkas
  12 ball pythons
  6 bats
  4 frilled lizards
  5 rats (D:2)
104 creatures vanquished.

Vanquished Creatures (collateral kills)
  A naga (shapeshifter) (D:3)
  A swamp drake (D:5)
  A phantom (D:5)
  2 scorpions (D:5)
  An orc (D:5)
6 creatures vanquished.

Vanquished Creatures (others)
  5 plants
5 creatures vanquished.

Grand Total: 115 creatures vanquished

Notes
Turn   | Place    | Note
-------+----------+-------------------------------------------
     0 | D:1      | Lekart the Draconian Chaos Knight began the quest for the
                  | Orb.
     0 | D:1      | Reached XP level 1. HP: 19/19 MP: 1/1
   150 | D:1      | Reached XP level 2. HP: 13/26 MP: 2/2
   496 | D:1      | Found Ythu Enaep's Magic Scroll Boutique.
   534 | D:1      | Reached XP level 3. HP: 31/33 MP: 3/3
   697 | D:1      | XOM: silly message
  1711 | D:2      | XOM: silly message
  1762 | D:2      | Reached skill level 1 in Spellcasting
  1789 | D:2      | Noticed Sigmund
  1796 | D:2      | XOM: potion effect (might)
  1796 | D:2      | Killed Sigmund
  1797 | D:2      | Reached skill level 1 in Stealth
  1797 | D:2      | Reached XP level 4. HP: 27/41 MP: 6/6
  1797 | D:2      | Reached XP level 5. HP: 32/47 MP: 7/7
  1989 | D:3      | Found a broken altar of Ashenzari.
  2047 | D:3      | Found a runed translucent door.
  2048 | D:3      | Noticed Crazy Yiuf
  2157 | D:3      | Found a hazy altar of Hepliaklqana.
  2164 | D:3      | Noticed a shapeshifter
  2164 | D:3      | an adder changed into a shapeshifter
  2164 | D:3      | Noticed a basilisk
  2164 | D:3      | a shapeshifter changed into a basilisk
  2168 | D:3      | XOM: smoke on damage
  2176 | D:3      | XOM: summons 5 friendly demons
  2179 | D:3      | Noticed a naga
  2179 | D:3      | a basilisk changed into a naga
  2180 | D:3      | Killed a naga
  2181 | D:3      | Reached skill level 5 in Fighting
  2181 | D:3      | Reached XP level 6. HP: 22/56 MP: 9/9
  2347 | D:3      | XOM: god gift: 1016 gold pieces
  2455 | D:3      | XOM: stat loss: -1 Int (11/12)
  2818 | D:4      | Noticed Ijyb
  2829 | D:4      | Paralysed by Ijyb for 4 turns
  2839 | D:4      | Killed Ijyb
  2881 | D:4      | XOM: summons friendly shadow imp
  3002 | D:3      | Learned a level 2 spell: Wereblood
  3005 | D:4      | XOM: smoke on damage
  3241 | D:3      | XOM: silly message
  3291 | D:3      | XOM: give mutations
  3291 | D:3      | Gained mutation: You are weak. (Str -2) [Xom's mischief]
  3291 | D:3      | Gained mutation: You are partially covered in large bone
                  | plates. (SH +4) [Xom's mischief]
  3322 | D:4      | Reached skill level 1 in Evocations
  3322 | D:4      | Your scales start taking on a golden yellow colour.
  3322 | D:4      | Reached XP level 7. HP: 30/61 MP: 10/10
  3322 | D:4      | Gained mutation: You are resistant to acid. (rCorr) [Yellow
                  | Draconian growth]
  3323 | D:4      | Reached skill level 5 in Long Blades
  3535 | D:4      | Found a staircase to the Ecumenical Temple.
  3694 | D:4      | Found a glowing silver altar of Zin.
  3698 | D:4      | Found a stormy altar of Qazlal.
  3828 | D:5      | Entered Level 5 of the Dungeon
  3905 | D:5      | XOM: cast spell 'Discord'
  3997 | D:5      | XOM: summons 2 friendly demons
  4034 | D:5      | XOM: cast spell 'Summon Mana Viper'
  4325 | D:5      | XOM: cleaving
  4333 | D:5      | Reached skill level 1 in Transmutations
  4333 | D:5      | Reached XP level 8. HP: 52/70 MP: 12/12
  4385 | D:5      | XOM: god gift: 21 gold pieces
  4557 | D:5      | XOM: enchant monster (good)
  4591 | D:5      | XOM: chaos upgrade
  4872 | D:5      | Learned a level 2 spell: Passwall
  4950 | D:5      | XOM: 5-stop teleportation journey
  5414 | D:6      | XOM: divination: detect creatures
  5535 | D:6      | Found Pucuk's Book Emporium.
  5583 | D:6      | Reached skill level 1 in Shields
  5636 | D:6      | XOM: silly message
  5722 | D:6      | XOM: 1-stop teleportation journey
  5765 | D:6      | XOM: confuse monster(s)
  5987 | D:6      | Noticed a troll
  5987 | D:6      | XOM: polymorph something unseen -> troll
  5997 | D:6      | Killed a troll
  6010 | D:6      | Reached XP level 9. HP: 65/79 MP: 15/15
  6023 | D:6      | Slain by a yak

Illustrated notes

Levels and vault maps discovered:
D:1:      dpeg_arrival_shelter, layout_basic, serial_shops, shop_fountains
D:2:      layout_rooms, uniq_sigmund
D:3:      layout_rooms, nicolae_hepliaklqana_hazy_memory,
          mainiacjoe_overflow_catwalk, uniq_crazy_yiuf_cottage
D:4:      layout_rooms, grunt_temple_overflow_open,
          minmay_temple_entry_junction, uniq_ijyb
D:5:      layout_basic, minmay_misc_feat_secret_circle
D:6:      layout_basic, serial_shops, shop_statue, serial_bayou_crossing

Skill      XL: |  1  2  3  4  5  6  7  8 |
---------------+-------------------------+-----
Fighting       | 4 5 6 7 |  7.1
Spellcasting   | 1 2 3 4 |  4.2
Long Blades    | 4 5 7 |  7.0
Stealth        | 1 2 |  2.7
Dodging        | 3 4 |  4.4
Evocations     | 1 2 |  2.6
Transmutations | 1 |  1.7
Shields        | 1 |  1.4

Action                   |  1- 3 |  4- 6 |  7- 9 || total
-------------------------+-------+-------+-------++-------
Melee: Falchion          |   106 |   106 |   145 ||   357
       Tailslap          |    14 |    14 |    15 ||    43
       Punch             |       |       |     2 ||     2
 Cast: Wereblood         |       |     3 |     5 ||     8
 Abil: Breathe Acid      |       |       |     7 ||     7
Evoke: Piece from Xom's  |     4 |    13 |     8 ||    25
       Wand              |       |    21 |     2 ||    23
  Use: Scroll            |     5 |     3 |     3 ||    11
       Potion            |     1 |     2 |     7 ||    10
 Stab: Paralysed         |     1 |       |     4 ||     5
       Sleeping          |       |       |     2 ||     2
Armor: Skin              |    44 |    52 |    55 ||   151
Dodge: Dodged            |    89 |    87 |    83 ||   259
Block: Other             |       |     3 |    30 ||    33

Table legend: (Time is in decaauts)
 A = Elapsed time spent in this place.
 B = Non-inter-level travel time spent in this place.
 C = Inter-level travel time spent in this place.
 D = Time resting spent in this place.
 E = Time spent auto-exploring this place.
 F = Levels seen in this place.
 G = Mean time per level.
                   A        B        C        D        E       F      G
               +--------+--------+--------+--------+--------+-----+--------+
         Total |   6033 |   5843 |    190 |   1268 |   3396 |   6 | 1005.5 |
       Dungeon |   6033 |   5843 |    190 |   1268 |   3396 |   6 | 1005.5 |
               +--------+--------+--------+--------+--------+-----+--------+

Top non-repeatable levels by time:
     D:5: 1457 daAuts
     D:1: 1263 daAuts
     D:3: 1193 daAuts
     D:2: 726 daAuts
     D:6: 718 daAuts
     D:4: 673 daAuts
